 Dungeon Crawl Stone Soup version 0.31-b1-17-gcfd88c8481 (webtiles) character file.

Game seed: 6277674070151782780

1217 booth the Chopper (level 8, -3/64 HPs)
             Began as a Demonspawn Monk on Jan 15, 2024.
             Slain by an ogre
             ... wielding a +0 giant club
              (18 damage)
             ... on level 5 of the Dungeon.
             The game lasted 00:24:33 (3749 turns).

booth the Chopper (Demonspawn Monk)                 Turns: 3749, Time: 00:24:34

Health: -3/64      AC:  7    Str: 13    XL:     8   Next: 22%
Magic:  8/8        EV: 11    Int: 11    God:
Gold:   181        SH:  4    Dex: 18    Spells: 7/7 levels left

rFire   + . .        a - +0 hand axe
rCold   . . .        d - orb {light}
rNeg    . . .        g - +0 ring mail
rPois   .            b - +2 hat
rElec   .            (no cloak)
rCorr   .            (no gloves)
SInv    .            (no boots)
Will    .....        (no amulet)
Stlth   +            l - ring of protection from fire
HPRegen 0.30/turn    (no ring)
MPRegen 0.11/turn

%: no passive effects
@: glowing
A: thin skeletal structure 1, spiny 1, condensation shield, demonic touch 1
a: no special abilities


You were on level 5 of the Dungeon.
You visited 1 branch of the dungeon, and saw 5 of its levels.

You collected 220 gold pieces.
You spent 39 gold pieces at shops.

Inventory:

Hand Weapons
 a - a +0 hand axe (weapon)
Missiles
 e - 2 atropa-tipped darts
 o - 3 poisoned darts (quivered)
Armour
 b - a +2 hat (worn)
 d - an orb of light (worn)
 g - a +0 ring mail (worn)
 r - a +0 scale mail
Jewellery
 f - a ring of flight
 l - a ring of protection from fire (left hand)
Talismans
 m - a granite talisman
 p - a serpent talisman
Scrolls
 c - a scroll of teleportation {unknown}
 n - a scroll of immolation
 q - a scroll of identify
Potions
 h - a potion of enlightenment
 i - a potion of haste
 j - a potion of curing
 k - a potion of brilliance


   Skills:
 + Level 5.9 Fighting
 * Level 7.1 Axes
 + Level 3.7 Throwing
 - Level 2.9 Dodging


You had 7 spell levels left.
You didn't know any spells.
Your spell library contained the following spells:

 Spells                   Type           Power      Damage    Failure   Level
 Vhi's Electric Charge    Tloc/Air       0%         N/A       100%        4
 Arcjolt                  Conj/Air       0%         1d10      100%        5
 Plasma Beam              Fire/Air       0%         2x1d10    100%        6


Dungeon Overview and Level Annotations

Branches:
Dungeon (5/15)
 Temple: D:4-7

Altars:
Cheibriados

Shops:
D:1 =   D:2 *   D:4 *


Innate Abilities, Weirdness & Mutations

You have a somewhat thin skeletal structure. (Dex +2, Stealth+)
You are partially covered in sharp spines.
A meltable shield of frost defends you. (SH +4)
Your touch may inflict minor irresistible damage on your foes.


Message History

The sleepcap is struck by your spines. The sleepcap releases spores at you.
You are engulfed in a cloud of soporific spores!
You fall asleep.
The sleepcap releases spores at you but does no damage.
The sleepcap releases spores at you!
You wake up.
You are engulfed in a cloud of soporific spores!
You are unaffected.
You hit the sleepcap.
You destroy the sleepcap!
You hit the iguana.
The iguana is lightly wounded.
The iguana closely misses you.
You slash the iguana!
The iguana is severely wounded.
You slash the iguana!
You kill the iguana!
You hit the ogre.
The ogre is lightly wounded.
The ogre hits you with a +0 giant club!
You hit the ogre.
The ogre is lightly wounded.
The ogre hits you with a +0 giant club!!
* * * LOW HITPOINT WARNING * * *
You feel better.
You hit the ogre.
The ogre is lightly wounded.
The ogre barely misses you.
Throw: 4 darts (poison)
Press: ? - help, Q - select action, (/) - cycle Shift-Dir - straight line, f - ogre
Aim: an ogre, wielding a +0 giant club (lightly wounded, haloed, 93% to hit)
You throw a poisoned dart. The poisoned dart hits the ogre!
The ogre is poisoned.
The ogre is lightly wounded.
You hit the ogre but do no damage.
The ogre is lightly wounded.
The ogre misses you.
You hit the ogre.
The ogre is moderately wounded.
The ogre hits you with a +0 giant club!!
You die...

#.........# ..≈.≈.
#.........# ..≈.≈≈
#.........# # #.≈... ##
######'#### #l#.≈§≈≈ ...
#†######.#..[. ....
#......# ...# .....
#.####.###.##.#
.[..>.#####...[..........
......(O@................
......##########.###.#(..
..... #####....# #.#...
.... ...#.#### #.# .. ..#
#.#.# ..# .. # #.#
##...#+###### . #.#
#.....<..# . #.#
###.)......# #.#
..#........#


You could see an ogre (very poisoned).

Vanquished Creatures
  An ogre (D:5)
  7 phantoms (D:4)
  A scorpion (D:5)
  A bullfrog zombie (D:4)
  A centaur zombie (D:4)
  A bombardier beetle (D:4)
  2 hounds (D:5)
  A scorpion zombie (D:4)
  3 iguanas
  A sleepcap (D:5)
  3 hound zombies (D:4)
  A hound skeleton (D:4)
  Robin (D:2)
  4 gnolls (D:4)
  A howler monkey skeleton (D:4)
  6 adders
  An adder skeleton (D:4)
  2 adder zombies (D:4)
  3 ribbon worms
  4 dart slugs
  An orc (D:3)
  2 bats
  4 endoplasms
  7 giant cockroaches
  16 goblins
  11 hobgoblins
  4 jackals (D:1)
  4 quokkas
  4 ball pythons
  4 frilled lizards
  A jackal zombie (D:4)
  3 kobolds
  6 rats
112 creatures vanquished.

Notes
Turn   | Place    | Note
-------+----------+-------------------------------------------
     0 | D:1      | booth the Demonspawn Monk began the quest for the Orb.
     0 | D:1      | Reached XP level 1. HP: 18/18 MP: 1/1
   178 | D:1      | Gained mutation: You are partially covered in sharp spines.
                  | [demonic ancestry]
   178 | D:1      | Reached XP level 2. HP: 13/24 MP: 2/2
   234 | D:1      | Found Ethrapuot's Jewellery Boutique.
   362 | D:1      | Reached skill level 3 in Axes
   562 | D:1      | Reached XP level 3. HP: 29/29 MP: 3/3
  1178 | D:2      | Reached XP level 4. HP: 36/37 MP: 4/4
  1185 | D:2      | Noticed Robin
  1194 | D:2      | Killed Robin
  1304 | D:2      | Reached skill level 4 in Axes
  1490 | D:2      | Found Nyomurghorch's General Store.
  1495 | D:2      | Bought 5 poisoned darts for 39 gold pieces
  2171 | D:4      | Gained mutation: A meltable shield of frost defends you.
                  | (SH +4) [demonic ancestry]
  2171 | D:4      | Reached XP level 5. HP: 33/42 MP: 5/5
  2173 | D:4      | Reached skill level 1 in Throwing
  2182 | D:4      | Found Mumeyne's Gadget Gallery.
  2255 | D:4      | Noticed a phantom
  2262 | D:4      | Noticed a phantom
  2273 | D:4      | Killed a phantom
  2276 | D:4      | Killed a phantom
  2277 | D:4      | Reached skill level 5 in Axes
  2277 | D:4      | Reached XP level 6. HP: 11/49 MP: 6/6
  2442 | D:4      | Found a snail-covered altar of Cheibriados.
  2550 | D:4      | Reached skill level 5 in Fighting
  2550 | D:4      | Gained mutation: You have a somewhat thin skeletal
                  | structure. (Dex +2, Stealth+) [demonic ancestry]
  2550 | D:4      | Reached XP level 7. HP: 56/56 MP: 7/7
  2566 | D:4      | Reached skill level 6 in Axes
  3480 | D:5      | Entered Level 5 of the Dungeon
  3500 | D:5      | Gained mutation: Your touch may inflict minor irresistible
                  | damage on your foes. [demonic ancestry]
  3500 | D:5      | Reached XP level 8. HP: 49/64 MP: 8/8
  3711 | D:5      | Reached skill level 7 in Axes
  3743 | D:5      | HP: 3/64 [ogre/+0 giant club (20)]
  3749 | D:5      | Slain by an ogre

Illustrated notes

Levels and vault maps discovered:
D:1:      ldierk_walled_garden, layout_loops_ring, serial_shops,
          nicolae_shop_pleasant_corner_grove,
          wander_ebering_terrifying_dragon_lair
D:2:      layout_rooms, serial_shops, nicolae_shop_just_a_little_nook,
          uniq_robin
D:3:      layout_basic, feat_on_display
D:4:      layout_basic, cheibrodos_worm_habitat, serial_undead, serial_undead_e,
          serial_undead_d, serial_undead_d, serial_undead_d, serial_undead_d,
          serial_undead_c, nicolae_shop_gadgets
D:5:      layout_basic, mainiacjoe_overflow_concentric_impassable,
          mainiacjoe_overflow_chevrons

Skill      XL: |  1  2  3  4  5  6  7  8 |
---------------+-------------------------+-----
Axes           | 3 4 5 6 7 |  7.1
Fighting       | 4 5 |  5.9
Throwing       | 1 2 3 |  3.7
Dodging        | |  2.9

Action                     |  1- 3 |  4- 6 |  7- 9 || total
---------------------------+-------+-------+-------++-------
  Melee: Hand axe          |    80 |   129 |   120 ||   329
  Throw: Dart              |     3 |       |    13 ||    16
    Use: Scroll            |     1 |     4 |     2 ||     7
         Potion            |     1 |     1 |     1 ||     3
 Armour: Robe              |    20 |       |       ||    20
         Ring mail         |    13 |   115 |    70 ||   198
  Dodge: Dodged            |    34 |    78 |    46 ||   158
